Maple Leafs vs Flyers (R1)

Created - June 9, 2017 at 22:05

Goals
1 2 3 T
Maple Leafs 1 1 0 2
Flyers 0 1 0 1
Shots
1 2 3 T
Maple Leafs 12 7 12 31
Flyers 9 9 11 29

1st period

1. Maple Leafs , Claude Giroux 7 (Evgeni Malkin 11) at 12:15

Penalties :
Chris Kreider (Phi) for Tripping (Minor) at 13:58

2nd period

2. Flyers , Stefan Ruzicka 1 (Rostislav Olesz 3, Chris Kreider 5) at 4:53
3. Maple Leafs , Jordan Staal 4 (Justin Schultz 1, Eric Nystrom 3) at 18:22

Penalties :
Jamie McBain (Tor) for Roughing (Minor) at 1:26, Evgeni Malkin (Tor) for Hooking (Minor) at 9:44, Tobias Enstrom (Tor) for Tripping (Minor) at 14:51

3rd period

No Goal

Penalties :
Matthew Lombardi (Phi) for Cross-checking (Minor) at 8:35, Evgeni Malkin (Tor) for Tripping (Minor) at 16:43

Goalie Stats

Marc-André Fleury (Tor), 28 saves from 29 shots - (0.966), W, 7-4-0, 60:00 minutes
Cory Schneider (Phi), 29 saves from 31 shots - (0.935), L, 3-3-1, 59:40 minutes

Players Stats for Maple Leafs

Player Name              G  A  P  +/- PIM S  H  SB GA TA FO     MP     PP MP  PK MP  
------------------------------------------------------------------------------------
Alexander Frolov         0  0  0   0  0   0  2  0  1  0  0/1    15:46   2:26   3:25 
Blake Comeau             0  0  0   0  0   0  0  0  0  0  1/1    10:47   0:00   2:25 
Braydon Coburn           0  0  0   0  0   5  2  2  0  2  0/0    29:06   2:45   4:22 
Claude Giroux            1  0  1   0  0   2  5  0  1  2  5/8    23:49   2:26   3:59 
Colby Armstrong          0  0  0   1  0   4  0  1  0  0  0/0    14:07   1:32   0:00 
Eric Nystrom             0  1  1   1  0   1  1  1  0  0  0/0    13:28   0:00   1:02 
Evgeni Malkin            0  1  1   0  4   4  3  1  1  0  20/29  21:51   2:26   1:58 
Fabian Brunnstrom        0  0  0   0  0   0  0  0  0  1  0/2    17:46   1:32   0:00 
Jamie McBain             0  0  0   1  2   1  0  0  0  0  0/0    10:46   0:00   0:00 
Jordan Staal             1  0  1   1  0   1  1  1  0  0  4/13   17:24   1:32   3:03 
Justin Abdelkader        0  0  0   0  0   1  0  0  1  0  0/0     8:06   0:00   0:00 
Justin Schultz           0  1  1   1  0   0  1  0  0  0  0/0    11:39   0:00   0:58 
Marc-Édouard Vlasic      0  0  0   0  0   0  1  0  1  1  0/0    20:26   1:13   3:47 
Michael Grabner          0  0  0   0  0   3  2  0  0  0  0/0    10:56   0:00   0:00 
Rob Schremp              0  0  0   0  0   0  0  0  0  0  3/4     8:06   0:00   0:00 
Taylor Chorney           0  0  0   0  0   0  0  1  0  0  0/0    20:13   1:13   3:34 
Tobias Enstrom           0  0  0   0  2   7  0  1  2  0  0/0    27:57   2:45   3:11 
Zac Dalpe                0  0  0   0  0   2  0  0  0  0  5/8     9:47   0:00   0:00 

Players Stats for Flyers

Player Name              G  A  P  +/- PIM S  H  SB GA TA FO     MP     PP MP  PK MP  
------------------------------------------------------------------------------------
Alexei Morozov           0  0  0   0  0   3  1  1  0  0  0/1    17:44   4:09   0:00 
Brock Nelson             0  0  0   0  0   0  0  1  0  0  0/1    15:30   0:10   0:19 
Chris Kreider            0  1  1  -1  2   4  2  1  0  0  2/3    17:52   3:37   0:39 
Dany Heatley             0  0  0  -1  0   3  0  0  1  0  1/2    19:38   4:09   2:27 
Jakub Voracek            0  0  0  -1  0   3  1  0  0  1  0/0    18:04   3:37   0:00 
Jeff Carter              0  0  0   0  0   2  3  0  0  0  6/21   19:25   4:09   1:39 
Jeff O'Neill             0  0  0   1  0   0  0  0  1  0  4/7     8:52   0:10   0:39 
Jeff Woywitka            0  0  0   0  0   1  1  4  0  2  0/0    28:09   4:43   2:40 
Jonathan Ericsson        0  0  0   1  0   1  0  1  1  0  0/0    24:04   4:43   2:40 
Kyle Wellwood            0  0  0  -1  0   1  1  0  2  0  6/14   17:25   3:37   0:33 
Mats Zuccarello          0  0  0  -1  0   3  5  0  1  1  0/0    13:11   0:00   0:00 
Matt Smaby               0  0  0   1  0   0  1  0  0  1  0/0    18:28   3:13   0:00 
Matthew Lombardi         0  0  0  -1  2   3  1  1  0  0  8/16   14:28   0:00   1:07 
Nathan Paetsch           0  0  0  -2  0   0  0  0  0  0  0/0    13:23   0:00   1:18 
Pavel Kubina             0  0  0  -2  0   1  0  0  0  2  0/0    11:47   0:00   0:00 
Rostislav Olesz          0  1  1   1  0   1  0  0  0  0  0/0     7:01   0:00   0:33 
Stefan Ruzicka           1  0  1   1  0   3  0  0  0  0  1/1     6:50   0:10   0:00 
Steve McCarthy           0  0  0   0  0   0  4  3  0  0  0/0    24:09   3:13   1:18 

3 Stars

1 - Marc-André Fleury (Tor)
2 - Claude Giroux (Tor)
3 - Jordan Staal (Tor)

Power Play

Maple Leafs - 0 on 2 Attempt(s) - 0.00%
Flyers - 0 on 4 Attempt(s) - 0.00%

Penalty Kill

Maple Leafs - 4 on 4 Attempt(s) - 100.00% - Score 0 goal in Penalty Kill
Flyers - 2 on 2 Attempt(s) - 100.00% - Score 0 goal in Penalty Kill

Team Stat

Maple Leafs - Hits : 18 - Faceoff Wins : 38 - Blocked Shots : 8 - Penalty Minutes : 8
Flyers - Hits : 20 - Faceoff Wins : 28 - Blocked Shots : 12 - Penalty Minutes : 4

Official

Referees : L'Ecuyer Frederick and Devorski Paul
Linesman : Pierre Champoux and Derek Amell

Game Notes

11:30 of 3rd period - Flyers goal is going for a video replay. After video review, No Goal. The puck has been kicked using a distinct kicking motion.

Finance

Level 1 -- Attendance: 6000 (100.00%) -- Ticket Income $510,000
Level 2 -- Attendance: 5000 (100.00%) -- Ticket Income $250,000
Level 3 -- Attendance: 2000 (100.00%) -- Ticket Income $60,000
Level 4 -- Attendance: 4000 (100.00%) -- Ticket Income $80,000
Luxury Box -- Attendance: 1000 (100.00%) -- Ticket Income $165,000
Game was played at the Wells Fargo Center.
Total Attendance: 18000 (100.00%)
Total Ticket Income: $1,065,000
Other Income: $159,750
Total Income: $1,224,750

Maple Leafs

5 vs 5 Forward 
   Center                   Left Wing                Right Wing               Time % Phy DF OF 
 1 Evgeni Malkin            Fabian Brunnstrom        Claude Giroux            40     0   2  3  
 2 Jordan Staal             Eric Nystrom             Colby Armstrong          30     0   2  3  
 3 Zac Dalpe                Alexander Frolov         Michael Grabner          20     0   2  3  
 4 Rob Schremp              Justin Abdelkader        Blake Comeau             10     0   3  2  

5 vs 5 Defense 
   Defense                  Defense                                           Time % Phy DF OF 
 1 Tobias Enstrom           Braydon Coburn                                    40     0   2  3  
 2 Taylor Chorney           Marc-Édouard Vlasic                               30     0   2  3  
 3 Jamie McBain             Justin Schultz                                    20     0   3  2  
 4 Tobias Enstrom           Braydon Coburn                                    10     0   2  3  

PowerPlay Forward 
   Center                   Left Wing                Right Wing               Time % Phy DF OF 
 1 Evgeni Malkin            Alexander Frolov         Claude Giroux            60     0   1  4  
 2 Jordan Staal             Fabian Brunnstrom        Colby Armstrong          40     0   2  3  

PowerPlay Defense
   Defense                  Defense                                           Time % Phy DF OF 
 1 Tobias Enstrom           Braydon Coburn                                    60     0   2  3  
 2 Taylor Chorney           Marc-Édouard Vlasic                               40     0   3  2  

Penalty Kill 4 Players Forward 
   Center                   Wing                     Time % Phy DF OF 
 1 Claude Giroux            Evgeni Malkin            60     0   4  1  
 2 Alexander Frolov         Jordan Staal             40     0   4  1  

Penalty Kill 4 Players Defense
   Defense                  Defense                  Time % Phy DF OF 
 1 Tobias Enstrom           Braydon Coburn           60     0   5  0  
 2 Taylor Chorney           Marc-Édouard Vlasic      40     0   5  0  

Penalty Kill - 3 Players Forward 
   Forward                                           Time % Phy DF OF 
 1 Claude Giroux                                     60     0   4  1  
 2 Evgeni Malkin                                     40     0   4  1  

Penalty Kill - 3 Players Defense
   Defense                  Defense                  Time % Phy DF OF 
 1 Tobias Enstrom           Braydon Coburn           60     0   5  0  
 2 Taylor Chorney           Marc-Édouard Vlasic      40     0   5  0  

4 vs 4 Forward 
   Center                   Wing                     Time % Phy DF OF 
 1 Claude Giroux            Evgeni Malkin            60     0   2  3  
 2 Alexander Frolov         Jordan Staal             40     0   2  3  

4 vs 4 Defense
   Defense                  Defense                  Time % Phy DF OF 
 1 Tobias Enstrom           Braydon Coburn           60     0   3  2  
 2 Taylor Chorney           Marc-Édouard Vlasic      40     0   3  2  

Last Minutes Offensive
   Center                   Left Wing                Right Wing               Defense                  Defense                  
   Evgeni Malkin            Alexander Frolov         Claude Giroux            Tobias Enstrom           Braydon Coburn           

Last Minutes Defensive
   Center                   Left Wing                Right Wing               Defense                  Defense                  
   Evgeni Malkin            Alexander Frolov         Claude Giroux            Tobias Enstrom           Braydon Coburn           

Goaltenders
Starting : Marc-André Fleury        
Backup : Alex Stalock             

Extra Forwards
Normal : Michael Grabner, Eric Nystrom, Blake Comeau - PP : Michael Grabner, Eric Nystrom - PK : Blake Comeau
Extra Defensemen
Normal : Jamie McBain, Justin Schultz, Taylor Chorney - PP : Jamie McBain - PK : Justin Schultz, Taylor Chorney
Penalty Shots
Claude Giroux, Evgeni Malkin, Alexander Frolov, Jordan Staal, Fabian Brunnstrom

Scratches
None

Flyers

5 vs 5 Forward 
   Center                   Left Wing                Right Wing               Time % Phy DF OF 
 1 Matthew Lombardi         Dany Heatley             Mats Zuccarello          30     0   5  0  
 2 Kyle Wellwood            Chris Kreider            Jakub Voracek            30     1   0  4  
 3 Jeff Carter              Brock Nelson             Alexei Morozov           30     1   0  4  
 4 Jeff O'Neill             Rostislav Olesz          Stefan Ruzicka           10     0   5  0  

5 vs 5 Defense 
   Defense                  Defense                                           Time % Phy DF OF 
 1 Steve McCarthy           Jeff Woywitka                                     40     0   5  0  
 2 Matt Smaby               Jonathan Ericsson                                 30     0   2  3  
 3 Pavel Kubina             Nathan Paetsch                                    20     0   2  3  
 4 Jeff Woywitka            Jonathan Ericsson                                 10     0   2  3  

PowerPlay Forward 
   Center                   Left Wing                Right Wing               Time % Phy DF OF 
 1 Jeff Carter              Dany Heatley             Alexei Morozov           60     1   0  4  
 2 Kyle Wellwood            Chris Kreider            Jakub Voracek            40     1   0  4  

PowerPlay Defense
   Defense                  Defense                                           Time % Phy DF OF 
 1 Jonathan Ericsson        Jeff Woywitka                                     60     0   1  4  
 2 Matt Smaby               Steve McCarthy                                    40     0   1  4  

Penalty Kill 4 Players Forward 
   Center                   Wing                     Time % Phy DF OF 
 1 Matthew Lombardi         Dany Heatley             60     0   5  0  
 2 Kyle Wellwood            Rostislav Olesz          40     0   5  0  

Penalty Kill 4 Players Defense
   Defense                  Defense                  Time % Phy DF OF 
 1 Jonathan Ericsson        Jeff Woywitka            60     0   5  0  
 2 Nathan Paetsch           Steve McCarthy           40     0   5  0  

Penalty Kill - 3 Players Forward 
   Forward                                           Time % Phy DF OF 
 1 Matthew Lombardi                                  60     0   5  0  
 2 Kyle Wellwood                                     40     0   5  0  

Penalty Kill - 3 Players Defense
   Defense                  Defense                  Time % Phy DF OF 
 1 Jonathan Ericsson        Jeff Woywitka            60     0   5  0  
 2 Nathan Paetsch           Steve McCarthy           40     0   5  0  

4 vs 4 Forward 
   Center                   Wing                     Time % Phy DF OF 
 1 Jeff Carter              Dany Heatley             60     1   1  3  
 2 Kyle Wellwood            Alexei Morozov           40     0   1  4  

4 vs 4 Defense
   Defense                  Defense                  Time % Phy DF OF 
 1 Jonathan Ericsson        Jeff Woywitka            60     0   2  3  
 2 Matt Smaby               Steve McCarthy           40     0   3  2  

Last Minutes Offensive
   Center                   Left Wing                Right Wing               Defense                  Defense                  
   Jeff Carter              Dany Heatley             Alexei Morozov           Jonathan Ericsson        Jeff Woywitka            

Last Minutes Defensive
   Center                   Left Wing                Right Wing               Defense                  Defense                  
   Matthew Lombardi         Dany Heatley             Alexei Morozov           Steve McCarthy           Jeff Woywitka            

Goaltenders
Starting : Cory Schneider           
Backup : Steve Mason              

Extra Forwards
Normal : Jeff Carter, Alexei Morozov, Kyle Wellwood - PP : Alexei Morozov, Jeff Carter - PK : Matthew Lombardi
Extra Defensemen
Normal : Pavel Kubina, Nathan Paetsch, Steve McCarthy - PP : Pavel Kubina - PK : Nathan Paetsch, Steve McCarthy
Penalty Shots
Dany Heatley, Jeff Carter, Kyle Wellwood, Alexei Morozov, Rostislav Olesz

Scratches
John-Michael Liles (Healthy), Rickard Wallin (Healthy)

% Time on Ice - Maple Leafs

Lines # - Real PCT - Wanted PCT - Time Play
Normal Forward
1 - 35% - 40% - 16:29
2 - 27% - 30% - 12:35
3 - 21% - 20% - 9:47
4 - 17% - 10% - 8:06
Normal Defense
1 - 40% - 40% - 18:59
2 - 33% - 30% - 15:23
3 - 22% - 20% - 10:12
4 - 5% - 10% - 2:23
PP Forward
1 - 61% - 60% - 2:26
2 - 39% - 40% - 1:32
PP Defense
1 - 69% - 60% - 2:45
2 - 31% - 40% - 1:13
PK Forward
1 - 86% - 60% - 6:49
2 - 14% - 40% - 1:07
PK Defense
1 - 57% - 60% - 4:30
2 - 43% - 40% - 3:26
PK3 Forward
1 - 0% - 60%
2 - 0% - 40%
PK3 Defense
1 - 0% - 60%
2 - 0% - 40%
44 Forward
1 - 0% - 60%
2 - 0% - 40%
44 Defense
1 - 0% - 60%
2 - 0% - 40%
Last Minute Offensive  - 0:00
Last Minute Defensive  - 1:09
Total
Forward - 60:00
Defense - 60:00

% Time on Ice - Flyers

Lines # - Real PCT - Wanted PCT - Time Play
Normal Forward
1 - 29% - 30% - 13:41
2 - 28% - 30% - 13:15
3 - 29% - 30% - 13:30
4 - 14% - 10% - 6:28
Normal Defense
1 - 39% - 40% - 18:16
2 - 32% - 30% - 14:50
3 - 25% - 20% - 11:47
4 - 4% - 10% - 2:01
PP Forward
1 - 54% - 60% - 4:19
2 - 46% - 40% - 3:37
PP Defense
1 - 59% - 60% - 4:43
2 - 41% - 40% - 3:13
PK Forward
1 - 86% - 60% - 3:25
2 - 14% - 40% - 0:33
PK Defense
1 - 67% - 60% - 2:40
2 - 33% - 40% - 1:18
PK3 Forward
1 - 0% - 60%
2 - 0% - 40%
PK3 Defense
1 - 0% - 60%
2 - 0% - 40%
44 Forward
1 - 0% - 60%
2 - 0% - 40%
44 Defense
1 - 0% - 60%
2 - 0% - 40%
Last Minute Offensive  - 1:12
Last Minute Defensive  - 0:00
Total
Forward - 60:00
Defense - 60:00

Play by Play

1st period


0:01 of 1st period - Evgeni Malkin wins face-off versus Matthew Lombardi in neutral zone.
0:26 of 1st period - Braydon Coburn is hit by Chris Kreider and loses puck.
0:34 of 1st period - Off-side.
0:35 of 1st period - Zac Dalpe wins face-off versus Jeff Carter in neutral zone.
0:46 of 1st period - Backhand shot by Jeff Carter.
0:46 of 1st period - Stopped by Marc-André Fleury with a rebound.
0:48 of 1st period - Snap shot by Jonathan Ericsson.
0:48 of 1st period - Deflect By Jeff Carter.
0:48 of 1st period - Shot Misses the Net.
0:48 of 1st period - Puck is out of play.
0:49 of 1st period - Rob Schremp wins face-off versus Jeff O'Neill in Maple Leafs zone.
2:04 of 1st period - Snap shot by Dany Heatley.
2:04 of 1st period - Stopped by Marc-André Fleury with a rebound.
2:29 of 1st period - Snap shot by Stefan Ruzicka.
2:29 of 1st period - Shot Misses the Net.
2:47 of 1st period - Snap shot by Chris Kreider.
2:47 of 1st period - Stopped by Marc-André Fleury without a rebound.
2:48 of 1st period - Kyle Wellwood wins face-off versus Jordan Staal in Maple Leafs zone.
3:19 of 1st period - Snap shot by Michael Grabner.
3:19 of 1st period - Stopped by Cory Schneider with a rebound.
3:21 of 1st period - Slapshot by Braydon Coburn.
3:21 of 1st period - Stopped by Cory Schneider without a rebound.
3:22 of 1st period - Evgeni Malkin wins face-off versus Dany Heatley in Flyers zone.
3:27 of 1st period - Slapshot by Evgeni Malkin.
3:27 of 1st period - Stopped by Cory Schneider without a rebound.
3:28 of 1st period - Evgeni Malkin wins face-off versus Matthew Lombardi in Flyers zone.
3:31 of 1st period - Wrist shot by Claude Giroux.
3:31 of 1st period - Shot Misses the Net.
4:27 of 1st period - Snap shot by Tobias Enstrom.
4:27 of 1st period - Stopped by Cory Schneider without a rebound.
4:28 of 1st period - Matthew Lombardi wins face-off versus Fabian Brunnstrom in Flyers zone.
4:53 of 1st period - Kyle Wellwood is hit by Eric Nystrom.
5:03 of 1st period - Colby Armstrong is hit by Jakub Voracek and loses puck.
5:11 of 1st period - Icing by Braydon Coburn.
5:12 of 1st period - Jeff O'Neill wins face-off versus Jordan Staal in Maple Leafs zone.
5:45 of 1st period - Slapshot by Jeff Carter.
5:45 of 1st period - Stopped by Marc-André Fleury without a rebound.
5:46 of 1st period - Evgeni Malkin wins face-off versus Kyle Wellwood in Maple Leafs zone.
5:55 of 1st period - Snap shot by Claude Giroux.
5:55 of 1st period - Shot Misses the Net.
6:40 of 1st period - Snap shot by Michael Grabner.
6:40 of 1st period - Stopped by Cory Schneider without a rebound.
6:41 of 1st period - Kyle Wellwood wins face-off versus Evgeni Malkin in Flyers zone.
6:56 of 1st period - Wrist shot by Evgeni Malkin.
6:56 of 1st period - Shot Misses the Net.
6:58 of 1st period - Wrist shot by Claude Giroux.
6:58 of 1st period - Shot Misses the Net.
7:50 of 1st period - Off-side.
7:51 of 1st period - Jordan Staal wins face-off versus Jeff O'Neill in neutral zone.
8:02 of 1st period - Wrist shot by Jordan Staal.
8:02 of 1st period - Shot Misses the Net.
8:04 of 1st period - Wrist shot by Braydon Coburn.
8:04 of 1st period - Stopped by Cory Schneider without a rebound.
8:05 of 1st period - Kyle Wellwood wins face-off versus Evgeni Malkin in Flyers zone.
8:05 of 1st period - Kyle Wellwood is hit by Claude Giroux.
8:28 of 1st period - Icing by Braydon Coburn.
8:29 of 1st period - Evgeni Malkin wins face-off versus Jeff Carter in Maple Leafs zone.
9:08 of 1st period - Matthew Lombardi is hit by Jordan Staal and loses puck.
9:21 of 1st period - Wrist shot by Jakub Voracek.
9:21 of 1st period - Stopped by Marc-André Fleury without a rebound.
9:22 of 1st period - Kyle Wellwood wins face-off versus Evgeni Malkin in Maple Leafs zone.
9:51 of 1st period - Wrist shot by Alexei Morozov.
9:51 of 1st period - Stopped by Marc-André Fleury without a rebound.
9:52 of 1st period - Zac Dalpe wins face-off versus Matthew Lombardi in Maple Leafs zone.
10:27 of 1st period - Snap shot by Tobias Enstrom.
10:27 of 1st period - Stopped by Cory Schneider without a rebound.
10:28 of 1st period - Evgeni Malkin wins face-off versus Jeff Carter in Flyers zone.
10:33 of 1st period - Wrist shot by Claude Giroux.
10:33 of 1st period - Shot Blocked by Steve McCarthy.
10:35 of 1st period - Snap shot by Evgeni Malkin.
10:35 of 1st period - Stopped by Cory Schneider with a rebound.
10:37 of 1st period - Slapshot by Braydon Coburn.
10:37 of 1st period - Stopped by Cory Schneider with a rebound.
10:39 of 1st period - Slapshot by Fabian Brunnstrom.
10:39 of 1st period - Shot Misses the Net.
10:41 of 1st period - Snap shot by Braydon Coburn.
10:41 of 1st period - Shot Blocked by Jeff Woywitka.
10:43 of 1st period - Slapshot by Tobias Enstrom.
10:43 of 1st period - Stopped by Cory Schneider with a rebound.
11:00 of 1st period - Tobias Enstrom is hit by Steve McCarthy and loses puck.
12:05 of 1st period - Snap shot by Zac Dalpe.
12:05 of 1st period - Stopped by Cory Schneider without a rebound.
12:06 of 1st period - Evgeni Malkin wins face-off versus Kyle Wellwood in Flyers zone.
12:15 of 1st period - Backhand shot by Claude Giroux.
12:15 of 1st period - Goal by Claude Giroux - Maple Leafs : 1 - Flyers : 0.
12:16 of 1st period - Kyle Wellwood wins face-off versus Evgeni Malkin in neutral zone.
12:22 of 1st period - Backhand shot by Kyle Wellwood.
12:22 of 1st period - Shot Misses the Net.
13:44 of 1st period - Snap shot by Mats Zuccarello.
13:44 of 1st period - Stopped by Marc-André Fleury without a rebound.
13:45 of 1st period - Zac Dalpe wins face-off versus Kyle Wellwood in Maple Leafs zone.
13:45 of 1st period - Zac Dalpe is hit by Jeff Woywitka.
13:58 of 1st period - Minor Penalty to Chris Kreider for Tripping.
13:59 of 1st period - Evgeni Malkin wins face-off versus Matthew Lombardi in Flyers zone.
13:59 of 1st period - Wrist shot by Claude Giroux.
13:59 of 1st period - Shot Blocked by Matthew Lombardi.
14:01 of 1st period - Snap shot by Claude Giroux.
14:01 of 1st period - Shot Blocked by Jeff Woywitka.
14:09 of 1st period - Wrist shot by Claude Giroux.
14:09 of 1st period - Deflect By Alexander Frolov.
14:09 of 1st period - Shot Misses the Net.
14:09 of 1st period - Puck is out of play.
14:10 of 1st period - Matthew Lombardi wins face-off versus Alexander Frolov in Flyers zone.
14:10 of 1st period - Matthew Lombardi is hit by Claude Giroux.
15:31 of 1st period - Snap shot by Kyle Wellwood.
15:31 of 1st period - Shot Blocked by Jordan Staal.
15:58 of 1st period - Penalty to Chris Kreider is over, Chris Kreider is back on ice.
16:37 of 1st period - Alexander Frolov is hit by Chris Kreider and loses puck.
16:56 of 1st period - Slapshot by Alexei Morozov.
16:56 of 1st period - Stopped by Marc-André Fleury without a rebound.
16:57 of 1st period - Evgeni Malkin wins face-off versus Jeff Carter in Maple Leafs zone.
17:01 of 1st period - Off-side.
17:02 of 1st period - Claude Giroux wins face-off versus Jeff Carter in neutral zone.
17:33 of 1st period - Off-side.
17:34 of 1st period - Dany Heatley wins face-off versus Jordan Staal in neutral zone.
18:09 of 1st period - Snap shot by Kyle Wellwood.
18:09 of 1st period - Stopped by Marc-André Fleury with a rebound.
18:42 of 1st period - Off-side.
18:43 of 1st period - Jeff O'Neill wins face-off versus Rob Schremp in neutral zone.
19:16 of 1st period - Dany Heatley is hit by Marc-Édouard Vlasic and loses puck.
19:28 of 1st period - Taylor Chorney is hit by Mats Zuccarello.
19:29 of 1st period - Icing by Taylor Chorney.
19:30 of 1st period - Chris Kreider wins face-off versus Evgeni Malkin in Maple Leafs zone.
Goals for this period are 1 for Maple Leafs vs 0 for Flyers.
Shots for this period are 12 for Maple Leafs vs 9 for Flyers.

2nd period


0:01 of 2nd period - Jeff Carter wins face-off versus Jordan Staal in neutral zone.
0:26 of 2nd period - Claude Giroux is hit by Steve McCarthy and loses puck.
0:33 of 2nd period - Mats Zuccarello is hit by Evgeni Malkin and loses puck.
1:26 of 2nd period - Minor Penalty to Jamie McBain for Roughing.
1:27 of 2nd period - Jeff Carter wins face-off versus Claude Giroux in Maple Leafs zone.
1:28 of 2nd period - Wrist shot by Alexei Morozov.
1:28 of 2nd period - Stopped by Marc-André Fleury without a rebound.
1:29 of 2nd period - Claude Giroux wins face-off versus Jeff Carter in Maple Leafs zone.
2:27 of 2nd period - Kyle Wellwood is hit by Braydon Coburn and loses puck.
3:26 of 2nd period - Penalty to Jamie McBain is over, Jamie McBain is back on ice.
3:55 of 2nd period - Justin Schultz is hit by Matthew Lombardi and loses puck.
4:36 of 2nd period - Icing by Pavel Kubina.
4:37 of 2nd period - Jeff Carter wins face-off versus Evgeni Malkin in Flyers zone.
4:53 of 2nd period - Snap shot by Stefan Ruzicka.
4:53 of 2nd period - Goal by Stefan Ruzicka - Maple Leafs : 1 - Flyers : 1.
4:54 of 2nd period - Evgeni Malkin wins face-off versus Jeff Carter in neutral zone.
5:21 of 2nd period - Wrist shot by Eric Nystrom.
5:21 of 2nd period - Shot Blocked by Chris Kreider.
5:23 of 2nd period - Slapshot by Marc-Édouard Vlasic.
5:23 of 2nd period - Deflect By Eric Nystrom.
5:23 of 2nd period - Stopped by Cory Schneider with a rebound.
5:25 of 2nd period - Slapshot by Colby Armstrong.
5:25 of 2nd period - Stopped by Cory Schneider with a rebound.
5:27 of 2nd period - Slapshot by Colby Armstrong.
5:27 of 2nd period - Stopped by Cory Schneider with a rebound.
5:29 of 2nd period - Snap shot by Colby Armstrong.
5:29 of 2nd period - Shot Blocked by Steve McCarthy.
6:56 of 2nd period - Slapshot by Tobias Enstrom.
6:56 of 2nd period - Stopped by Cory Schneider without a rebound.
6:57 of 2nd period - Chris Kreider wins face-off versus Jordan Staal in Flyers zone.
8:35 of 2nd period - Snap shot by Jakub Voracek.
8:35 of 2nd period - Shot Blocked by Eric Nystrom.
8:45 of 2nd period - Braydon Coburn is hit by Mats Zuccarello and loses puck.
8:52 of 2nd period - Wrist shot by Matthew Lombardi.
8:52 of 2nd period - Shot Misses the Net.
8:54 of 2nd period - Slapshot by Dany Heatley.
8:54 of 2nd period - Stopped by Marc-André Fleury without a rebound.
8:55 of 2nd period - Evgeni Malkin wins face-off versus Kyle Wellwood in Maple Leafs zone.
9:20 of 2nd period - Jeff Woywitka is hit by Michael Grabner and loses puck.
9:25 of 2nd period - Slapshot by Tobias Enstrom.
9:25 of 2nd period - Stopped by Cory Schneider without a rebound.
9:26 of 2nd period - Zac Dalpe wins face-off versus Jeff Carter in Flyers zone.
9:29 of 2nd period - Slapshot by Michael Grabner.
9:29 of 2nd period - Shot Blocked by Jonathan Ericsson.
9:31 of 2nd period - Snap shot by Michael Grabner.
9:31 of 2nd period - Shot Misses the Net.
9:33 of 2nd period - Wrist shot by Alexander Frolov.
9:33 of 2nd period - Shot Blocked by Alexei Morozov.
9:35 of 2nd period - Slapshot by Tobias Enstrom.
9:35 of 2nd period - Deflect By Jeff Carter.
9:35 of 2nd period - Stopped by Cory Schneider without a rebound.
9:36 of 2nd period - Evgeni Malkin wins face-off versus Jeff Carter in Flyers zone.
9:44 of 2nd period - Minor Penalty to Evgeni Malkin for Hooking.
9:45 of 2nd period - Claude Giroux wins face-off versus Jeff Carter in Maple Leafs zone.
10:02 of 2nd period - Snap shot by Claude Giroux.
10:02 of 2nd period - Shot Misses the Net.
11:43 of 2nd period - Blake Comeau is hit by Steve McCarthy and loses puck.
11:44 of 2nd period - Penalty to Evgeni Malkin is over, Evgeni Malkin is back on ice.
12:02 of 2nd period - Dany Heatley is hit by Alexander Frolov and loses puck.
12:15 of 2nd period - Wrist shot by Rostislav Olesz.
12:15 of 2nd period - Stopped by Marc-André Fleury without a rebound.
12:16 of 2nd period - Rob Schremp wins face-off versus Jeff O'Neill in Maple Leafs zone.
14:21 of 2nd period - Wrist shot by Stefan Ruzicka.
14:21 of 2nd period - Shot Blocked by Colby Armstrong.
14:23 of 2nd period - Snap shot by Jeff O'Neill.
14:23 of 2nd period - Deflect By Stefan Ruzicka.
14:23 of 2nd period - Stopped by Marc-André Fleury without a rebound.
14:24 of 2nd period - Stefan Ruzicka wins face-off versus Claude Giroux in Maple Leafs zone.
14:33 of 2nd period - Wrist shot by Stefan Ruzicka.
14:33 of 2nd period - Stopped by Marc-André Fleury without a rebound.
14:34 of 2nd period - Matthew Lombardi wins face-off versus Evgeni Malkin in Maple Leafs zone.
14:49 of 2nd period - Wrist shot by Matthew Lombardi.
14:49 of 2nd period - Stopped by Marc-André Fleury with a rebound.
14:51 of 2nd period - Minor Penalty to Tobias Enstrom for Tripping.
14:52 of 2nd period - Jeff Carter wins face-off versus Claude Giroux in Maple Leafs zone.
14:59 of 2nd period - Wrist shot by Dany Heatley.
14:59 of 2nd period - Shot Blocked by Evgeni Malkin.
15:07 of 2nd period - Jeff Carter is hit by Evgeni Malkin and loses puck.
15:38 of 2nd period - Wrist shot by Chris Kreider.
15:38 of 2nd period - Shot Misses the Net.
15:40 of 2nd period - Slapshot by Jonathan Ericsson.
15:40 of 2nd period - Deflect By Taylor Chorney.
15:40 of 2nd period - Stopped by Marc-André Fleury with a rebound.
15:56 of 2nd period - Chris Kreider is hit by Claude Giroux and loses puck.
16:46 of 2nd period - Matt Smaby is hit by Claude Giroux and loses puck.
16:51 of 2nd period - Penalty to Tobias Enstrom is over, Tobias Enstrom is back on ice.
17:13 of 2nd period - Steve McCarthy is hit by Alexander Frolov and loses puck.
17:26 of 2nd period - Matt Smaby is hit by Justin Schultz and loses puck.
18:11 of 2nd period - Snap shot by Jordan Staal.
18:11 of 2nd period - Deflect By Eric Nystrom.
18:11 of 2nd period - Shot Misses the Net.
18:11 of 2nd period - Puck is out of play.
18:12 of 2nd period - Matthew Lombardi wins face-off versus Jordan Staal in Flyers zone.
18:22 of 2nd period - Snap shot by Jordan Staal.
18:22 of 2nd period - Goal by Jordan Staal - Maple Leafs : 2 - Flyers : 1.
18:23 of 2nd period - Evgeni Malkin wins face-off versus Kyle Wellwood in neutral zone.
18:50 of 2nd period - Tobias Enstrom is hit by Mats Zuccarello and loses puck.
18:59 of 2nd period - Snap shot by Matthew Lombardi.
18:59 of 2nd period - Stopped by Marc-André Fleury with a rebound.
19:43 of 2nd period - Jeff Carter is hit by Claude Giroux and loses puck.
19:53 of 2nd period - Off-side.
19:54 of 2nd period - Blake Comeau wins face-off versus Chris Kreider in neutral zone.
Goals for this period are 1 for Maple Leafs vs 1 for Flyers.
Shots for this period are 7 for Maple Leafs vs 9 for Flyers.

3rd period


0:01 of 3rd period - Kyle Wellwood wins face-off versus Evgeni Malkin in neutral zone.
0:06 of 3rd period - Wrist shot by Chris Kreider.
0:06 of 3rd period - Shot Misses the Net.
0:33 of 3rd period - Wrist shot by Matthew Lombardi.
0:33 of 3rd period - Stopped by Marc-André Fleury without a rebound.
0:34 of 3rd period - Jeff Carter wins face-off versus Jordan Staal in Maple Leafs zone.
0:49 of 3rd period - Snap shot by Jordan Staal.
0:49 of 3rd period - Shot Misses the Net.
0:51 of 3rd period - Wrist shot by Taylor Chorney.
0:51 of 3rd period - Shot Misses the Net.
1:30 of 3rd period - Wrist shot by Zac Dalpe.
1:30 of 3rd period - Shot Blocked by Jeff Woywitka.
1:32 of 3rd period - Snap shot by Michael Grabner.
1:32 of 3rd period - Stopped by Cory Schneider with a rebound.
1:46 of 3rd period - Snap shot by Rob Schremp.
1:46 of 3rd period - Shot Misses the Net.
1:48 of 3rd period - Slapshot by Tobias Enstrom.
1:48 of 3rd period - Shot Blocked by Steve McCarthy.
2:30 of 3rd period - Snap shot by Evgeni Malkin.
2:30 of 3rd period - Stopped by Cory Schneider with a rebound.
2:34 of 3rd period - Wrist shot by Claude Giroux.
2:34 of 3rd period - Stopped by Cory Schneider with a rebound.
4:13 of 3rd period - Slapshot by Jamie McBain.
4:13 of 3rd period - Stopped by Cory Schneider without a rebound.
4:14 of 3rd period - Zac Dalpe wins face-off versus Matthew Lombardi in Flyers zone.
4:39 of 3rd period - Fabian Brunnstrom is hit by Steve McCarthy and loses puck.
4:48 of 3rd period - Wrist shot by Chris Kreider.
4:48 of 3rd period - Stopped by Marc-André Fleury without a rebound.
4:49 of 3rd period - Jordan Staal wins face-off versus Jeff Carter in Maple Leafs zone.
5:03 of 3rd period - Colby Armstrong is hit by Jeff Carter and loses puck.
5:28 of 3rd period - Steve McCarthy is hit by Evgeni Malkin and loses puck.
6:22 of 3rd period - Snap shot by Chris Kreider.
6:22 of 3rd period - Shot Blocked by Taylor Chorney.
6:31 of 3rd period - Off-side.
6:32 of 3rd period - Matthew Lombardi wins face-off versus Fabian Brunnstrom in neutral zone.
6:45 of 3rd period - Snap shot by Tobias Enstrom.
6:45 of 3rd period - Stopped by Cory Schneider without a rebound.
6:46 of 3rd period - Evgeni Malkin wins face-off versus Jeff Carter in Flyers zone.
7:12 of 3rd period - Braydon Coburn is hit by Mats Zuccarello and loses puck.
7:19 of 3rd period - Wrist shot by Matthew Lombardi.
7:19 of 3rd period - Deflect By Mats Zuccarello.
7:19 of 3rd period - Stopped by Marc-André Fleury without a rebound.
7:20 of 3rd period - Claude Giroux wins face-off versus Matthew Lombardi in Maple Leafs zone.
7:48 of 3rd period - Slapshot by Pavel Kubina.
7:48 of 3rd period - Stopped by Marc-André Fleury without a rebound.
7:49 of 3rd period - Jordan Staal wins face-off versus Alexei Morozov in Maple Leafs zone.
7:49 of 3rd period - Eric Nystrom is hit by Jeff Carter and loses puck.
8:06 of 3rd period - Wrist shot by Tobias Enstrom.
8:06 of 3rd period - Shot Blocked by Brock Nelson.
8:08 of 3rd period - Slapshot by Braydon Coburn.
8:08 of 3rd period - Shot Blocked by Jeff Woywitka.
8:10 of 3rd period - Slapshot by Tobias Enstrom.
8:10 of 3rd period - Shot Misses the Net.
8:12 of 3rd period - Slapshot by Braydon Coburn.
8:12 of 3rd period - Shot Misses the Net.
8:14 of 3rd period - Snap shot by Colby Armstrong.
8:14 of 3rd period - Stopped by Cory Schneider with a rebound.
8:16 of 3rd period - Snap shot by Colby Armstrong.
8:16 of 3rd period - Stopped by Cory Schneider without a rebound.
8:17 of 3rd period - Evgeni Malkin wins face-off versus Matthew Lombardi in Flyers zone.
8:35 of 3rd period - Minor Penalty to Matthew Lombardi for Cross-checking.
8:36 of 3rd period - Evgeni Malkin wins face-off versus Jeff Carter in Flyers zone.
8:36 of 3rd period - Slapshot by Claude Giroux.
8:36 of 3rd period - Deflect By Evgeni Malkin.
8:36 of 3rd period - Stopped by Cory Schneider with a rebound.
8:47 of 3rd period - Icing by Evgeni Malkin.
8:48 of 3rd period - Evgeni Malkin wins face-off versus Jeff Carter in Maple Leafs zone.
9:23 of 3rd period - Dany Heatley is hit by Braydon Coburn and loses puck.
9:33 of 3rd period - Off-side.
9:34 of 3rd period - Jeff O'Neill wins face-off versus Jordan Staal in neutral zone.
9:39 of 3rd period - Snap shot by Chris Kreider.
9:39 of 3rd period - Stopped by Marc-André Fleury with a rebound.
10:35 of 3rd period - Penalty to Matthew Lombardi is over, Matthew Lombardi is back on ice.
10:52 of 3rd period - Off-side.
10:53 of 3rd period - Rob Schremp wins face-off versus Brock Nelson in neutral zone.
10:58 of 3rd period - Snap shot by Justin Schultz.
10:58 of 3rd period - Deflect By Justin Abdelkader.
10:58 of 3rd period - Stopped by Cory Schneider without a rebound.
10:59 of 3rd period - Matthew Lombardi wins face-off versus Zac Dalpe in Flyers zone.
11:06 of 3rd period - Snap shot by Mats Zuccarello.
11:06 of 3rd period - Stopped by Marc-André Fleury without a rebound.
11:07 of 3rd period - Matthew Lombardi wins face-off versus Zac Dalpe in Maple Leafs zone.
11:18 of 3rd period - Snap shot by Dany Heatley.
11:18 of 3rd period - Stopped by Marc-André Fleury without a rebound.
11:19 of 3rd period - Evgeni Malkin wins face-off versus Kyle Wellwood in Maple Leafs zone.
11:24 of 3rd period - Snap shot by Chris Kreider.
11:24 of 3rd period - Shot Misses the Net.
11:26 of 3rd period - Wrist shot by Steve McCarthy.
11:26 of 3rd period - Shot Misses the Net.
11:28 of 3rd period - Slapshot by Steve McCarthy.
11:28 of 3rd period - Shot Blocked by Braydon Coburn.
11:30 of 3rd period - Snap shot by Chris Kreider.
11:30 of 3rd period - Flyers goal is going for a video replay.
11:30 of 3rd period - The goal is refused. The puck has been kicked using a distinct kicking motion..
11:31 of 3rd period - Evgeni Malkin wins face-off versus Kyle Wellwood in Maple Leafs zone.
11:31 of 3rd period - Evgeni Malkin is hit by Kyle Wellwood.
11:49 of 3rd period - Icing by Jakub Voracek.
11:50 of 3rd period - Jordan Staal wins face-off versus Kyle Wellwood in Flyers zone.
12:33 of 3rd period - Wrist shot by Kyle Wellwood.
12:33 of 3rd period - Shot Misses the Net.
12:35 of 3rd period - Snap shot by Chris Kreider.
12:35 of 3rd period - Shot Blocked by Tobias Enstrom.
12:41 of 3rd period - Slapshot by Jakub Voracek.
12:41 of 3rd period - Deflect By Colby Armstrong.
12:41 of 3rd period - Stopped by Marc-André Fleury without a rebound.
12:42 of 3rd period - Evgeni Malkin wins face-off versus Matthew Lombardi in Maple Leafs zone.
12:42 of 3rd period - Evgeni Malkin is hit by Mats Zuccarello.
15:10 of 3rd period - Slapshot by Jeff Woywitka.
15:10 of 3rd period - Stopped by Marc-André Fleury with a rebound.
15:12 of 3rd period - Snap shot by Mats Zuccarello.
15:12 of 3rd period - Shot Blocked by Braydon Coburn.
15:22 of 3rd period - Matt Smaby is hit by Michael Grabner and loses puck.
15:33 of 3rd period - Wrist shot by Zac Dalpe.
15:33 of 3rd period - Stopped by Cory Schneider without a rebound.
15:34 of 3rd period - Matthew Lombardi wins face-off versus Jordan Staal in Flyers zone.
15:47 of 3rd period - Snap shot by Mats Zuccarello.
15:47 of 3rd period - Shot Misses the Net.
15:52 of 3rd period - Marc-Édouard Vlasic is hit by Matt Smaby and loses puck.
16:00 of 3rd period - Off-side.
16:01 of 3rd period - Jeff Carter wins face-off versus Zac Dalpe in neutral zone.
16:17 of 3rd period - Slapshot by Alexander Frolov.
16:17 of 3rd period - Shot Misses the Net.
16:43 of 3rd period - Minor Penalty to Evgeni Malkin for Tripping.
16:44 of 3rd period - Claude Giroux wins face-off versus Jeff Carter in Maple Leafs zone.
16:44 of 3rd period - Claude Giroux is hit by Jeff Carter.
18:43 of 3rd period - Penalty to Evgeni Malkin is over, Evgeni Malkin is back on ice.
18:43 of 3rd period - Alexander Frolov is hit by Alexei Morozov and loses puck.
19:28 of 3rd period - Snap shot by Braydon Coburn.
19:28 of 3rd period - Stopped by Cory Schneider with a rebound.
19:30 of 3rd period - Slapshot by Braydon Coburn.
19:30 of 3rd period - Stopped by Cory Schneider without a rebound.
19:31 of 3rd period - Pat Quinn call a timeout for Flyers.
19:31 of 3rd period - Jeff O'Neill wins face-off versus Evgeni Malkin in Flyers zone.
19:40 of 3rd period - Flyers, Cory Schneider is pulled from the net.
19:56 of 3rd period - Snap shot by Jakub Voracek.
19:56 of 3rd period - Stopped by Marc-André Fleury with a rebound.
Goals for this period are 0 for Maple Leafs vs 0 for Flyers.
Shots for this period are 12 for Maple Leafs vs 11 for Flyers.